 Dungeon Crawl Stone Soup version 0.28-a0-1206-g193881aaa2 (webtiles) character file.

Game seed: 18210979178248268956

273180 bearlyready the Imperceptible (level 21, -2/136 HPs)
             Began as a Kobold Berserker on Dec 21, 2021.
             Was the Champion of Trog.
             Killed from afar by a starcursed mass (6 damage)
             ... with an accursed screaming
             ... on level 3 of the Abyss.
             The game lasted 01:36:00 (48619 turns).

bearlyready the Imperceptible (Kobold Berserker)   Turns: 48619, Time: 01:36:01

Health: -2/136     AC: 20    Str: 15      XL:     21   Next: 13%
Magic:  10/21      EV: 36    Int: 11 (12) God:    Trog [******]
Gold:   2127       SH: 18    Dex: 34 (36) Spells: 20/20 levels left

rFire   . . .      SeeInvis .   a - +3 quick blade (drain)
rCold   + . .      Faith    .   x - +2 buckler {rC+}
rNeg    . . .      Spirit   .   L - +6 acid dragon scales
rPois   .          Reflect  +   p - +2 hat {Stlth+}
rElec   .          Harm     .   n - +1 cloak
rCorr   +          Rampage  .   (no gloves)
Will    +++..                   S - +1 pair of boots Stlth ***+++++++
                                H - amulet "Bosaem Ten" {Reflect Int+7 SH+5 Stlth+}
HPRegen 1.32/turn               G - +6 ring of dexterity
MPRegen 0.17/turn               V - +6 ring of dexterity

@: strong-willed, regenerating, studying 4 skills, unable to read
A: small, no large weapons, nightstalker 3, beak, deterioration 2, screaming 1,
inability to read while threatened, dopey 1[+1], [subdued magic 2]
}: 2/15 runes: serpentine, barnacled
a: Renounce Religion, Berserk, Trog's Hand, Brothers in Arms


You were on level 3 of the Abyss.
You worshipped Trog.
Trog was exalted by your worship.
You visited 7 branches of the dungeon, and saw 35 of its levels.
You visited the Abyss 2 times.

You collected 3761 gold pieces.
You spent 1634 gold pieces at shops.

Inventory:

Hand Weapons
 a - a +3 quick blade of draining (weapon)
 b - a +3 antimagic rapier
 Q - a +1 hand crossbow of flaming
 R - a +4 quick blade of freezing
Missiles
 f - 151 poisoned darts (quivered)
 o - 21 atropa-tipped darts
 s - 414 bolts
 z - 4 boomerangs of dispersal
 E - 18 boomerangs
Armour
 n - a +1 cloak (worn)
 p - a +2 hat of stealth (worn)
 x - a +2 buckler of cold resistance (worn)
 L - +6 acid dragon scales (worn)
 O - a +0 kite shield of reflection
 P - the +2 pair of gloves of Olink {-Tele rF+ rCorr Dex+3}
   (You found it on level 6 of the Lair of Beasts)

   Dex:       It affects your dexterity (+3).
   rF:        It protects you from fire.
   -Tele:     It prevents most forms of teleportation.
   rCorr:     It protects you from acid and corrosion.
 S - a +1 pair of boots (worn)
Jewellery
 k - the amulet of Vitality {Regen+ HP+15}
   (You found it on level 2 of the Shoals)

   [amulet of regeneration]

   HP:        It affects your health (+15).
   Regen:     It increases your rate of health regeneration.
 G - a +6 ring of dexterity (left hand)
 H - the amulet "Bosaem Ten" (around neck) {Reflect Int+7 SH+5 Stlth+}
   (You took it off a naga on level 3 of the Snake Pit)

   [amulet of reflection]

   It reflects blocked missile attacks.
   Int:       It affects your intelligence (+7).
   SH:        It affects your SH (+5).
   Stlth:     It makes you more stealthy.
 V - a +6 ring of dexterity (right hand)
 X - the necklace of Bloodlust {*Rage Will++ Int-3 Slay+6}
   (You found it on level 1 of the Orcish Mines)

   [amulet of nothing]

   It extends the wearer's berserk rage when killing foes.
   Int:       It affects your intelligence (-3).
   Slay:      It affects your accuracy & damage with ranged weapons and melee
   (+6).
   *Rage:     It berserks you when you make melee attacks (+50% chance).
   Will:      It greatly increases your willpower.
Wands
 e - a wand of mindburst (3)
 m - a wand of flame (20)
 B - a wand of iceblast (28)
 M - a wand of polymorph (23)
Scrolls
 q - 10 scrolls of teleportation
 t - 2 scrolls of silence
 u - 3 scrolls of magic mapping
 v - 6 scrolls of immolation
 F - a scroll of fog
 K - 5 scrolls of blinking
 T - 4 scrolls of amnesia
 U - 7 scrolls of enchant weapon
 Z - a scroll of summoning
Potions
 c - a potion of magic
 d - 2 potions of flight
 g - 10 potions of curing
 h - a potion of attraction
 i - 4 potions of haste
 j - a potion of lignification
 r - 4 potions of invisibility
 A - 8 potions of might
 J - 3 potions of berserk rage
 N - 4 potions of mutation
 Y - 4 potions of ambrosia
Miscellaneous
 l - a box of beasts (inert)
 y - a tin of tremorstones (1/2)
 D - a phantom mirror
 W - a condenser vane (inert)


   Skills:
 - Level 16.0 Fighting
 - Level 16.0 Short Blades
 - Level 11.0 Crossbows
 - Level 6.0 Throwing
 + Level 7.0 Armour
 - Level 17.0 Dodging
 * Level 25.7 Stealth
 - Level 12.5 Shields
 - Level 13.0 Evocations


You had 20 spell levels left.
You didn't know any spells.
Your spell library was empty.

Dungeon Overview and Level Annotations

Branches:
Dungeon (15/15)            Temple (0/1) D:4            Lair (6/6) D:9
 Shoals (4/4) Lair:3        Snake (4/4) Lair:4        Slime (0/5) Lair:6
    Orc (2/2) D:11            Elf (3/3) Orc:2        Vaults (1/5) D:13
 Depths (0/4) D:15

Altars:
Cheibriados
Dithmenos
Elyvilon
Fedhas
Makhleb
Trog
Uskayaw
Xom
Yredelemnul
The Shining One
Beogh
Jiyva

Shops:
D:2 [   D:5 [(!([   D:8 !*(:   D:10 *   Orc:1 *   Orc:2 [*=(   Elf:2 *
Elf:3 *   Shoals:1 ***   Snake:1 (

Portals:
Trove: Vaults:1 (give +7 demon trident)

Annotations:
D:3 2 transporters
D:10 3 runed translucent doors, exclusion: 2 ice statues, JamezByez's ghost, journeyman MiBe
D:15 Agnes
Lair:5 exclusion: 2 oklob plants


Innate Abilities, Weirdness & Mutations

You are small and have problems with some larger weapons.
You are completely attuned to the shadows.
You have a beak for a mouth.
Your body often deteriorates upon taking damage.
You occasionally shout uncontrollably at your foes.
You sometimes lose the ability to read scrolls when taking damage.
[You are very dopey. (Int -4)]
[Your spells are easier to cast, but less powerful.]


Message History

* * * LOW HITPOINT WARNING * * *
The starcursed mass touches you but does no damage.
You hit the starcursed mass.
The starcursed mass is lightly damaged.
The starcursed mass shudders and is absorbed by its neighbour.
The wretched star pulses with an eldritch light!
Your connection to magic feels subdued.
Your connection to magic feels more subdued.
You feel stupid. The hell hog completely misses you.
You cannot read scrolls in your current state!
You feel much better. The large abomination misses you.
The hell hog misses you.
A starcursed mass splits.
A chorus of shrieks assaults your mind.
* * * LOW HITPOINT WARNING * * *
You hit the starcursed mass but do no damage.
You peck the starcursed mass, but do no damage.
The starcursed mass is lightly damaged.
The large abomination closely misses you.
The hell hog closely misses you. A chorus of shrieks assaults your mind.
* * * LOW HITPOINT WARNING * * *
The hell hog completely misses you.
You cannot read scrolls in your current state!
You hit the starcursed mass.
You peck the starcursed mass, but do no damage.
The starcursed mass is lightly damaged.
The starcursed mass shudders and is absorbed by its neighbour.
You can read scrolls again.
You block the starcursed mass's attack.
The hell hog bites you but does no damage.
A starcursed mass splits.
The hell hog breathes fire at you.
The fireball explodes!
The fireball engulfs you!!
You feel threatened and lose the ability to read scrolls!
* * * LOW HITPOINT WARNING * * *
Your body deteriorates!
You feel dopey.
You hear a roar! x3
The starcursed mass shrieks in your mind.
You die...

#..# .#.# ..
##...#... ##
# #...#..#
## .
###.#.#.##.
.#..
#....#.....
.. ... . ..
.##.X#=# ..#
#... (#.#
#.X.X##.##
..#
..###h#*.§..
# # .
##.#.@....
## ## .
...###.... #
....# ####
###§ . .. ..
# # . . # .
# # # ... .#
# # .. /. ##
# #.....#. #
#


You could see a starcursed mass, a wretched star, a hell hog (catching breath)
and a large abomination.

Vanquished Creatures
  Vashnia (Snake:3)
  A deep elf blademaster (Elf:2)
  2 krakens
  A tentacled starspawn (Abyss:4)
  Kirke (D:13)
  6 nagarajas
  Donald (Snake:1)
  2 deep elf sorcerers
  An orc warlord (Orc:2)
  7 very ugly things
  A stone giant (Orc:1)
  Azrael (D:15)
  A deep elf demonologist (Elf:3)
  A deep elf annihilator (Elf:3)
  A crystal guardian (D:13)
  3 merfolk impalers
  3 merfolk javelineers (Shoals:4)
  3 deep elf high priests
  A fire dragon (D:15)
  Fannar (Orc:1)
  A rakshasa (D:14)
  A salamander tyrant (Snake:3)
  10 boulder beetles
  9 naga warriors
  A peacekeeper (D:13)
  11 centaur warriors
  10 two-headed ogres
  13 hydras
  7 anacondas
  2 catoblepae
  6 merfolk avatars
  An ogre mage (D:15)
  4 merfolk aquamancers
  2 satyrs
  2 tengu warriors
  2 alligator snapping turtles
  27 dancing weapons
  6 death yaks
  4 thrashing horrors (Abyss:4)
  13 naga sharpshooters
  A wretched star (Abyss:4)
  16 deep elf knights
  3 orc high priests (Orc:2)
  A fire crab (shapeshifter) (D:15)
  9 shock serpents
  20 sea snakes
  A salamander mystic (Snake:4)
  A glowing orange brain (shapeshifter) (D:13)
  7 deep elf archers
  2 deep trolls
  6 naga ritualists
  A lindwurm (Lair:6)
  8 orc knights
  4 wizards
  30 harpies
  3 orc sorcerers
  A sphinx zombie (D:15)
  A phantasmal warrior (D:15)
  28 deep elf pyromancers
  A necromancer (D:13)
  21 deep elf zephyrmancers
  12 salamanders
  6 cyclopes
  13 manticores
  12 ugly things
  8 mana vipers
  A wolf spider (Lair:5)
  6 elephants
  9 guardian serpents
  19 naga magi
  A vault sentinel (Vaults:1)
  31 black mambas
  9 merfolk sirens
  3 water nymphs
  3 gargoyles
  2 smoke demons (Abyss:4)
  8 komodo dragons
  A rime drake (Lair:6)
  11 cane toads
  5 efreet
  3 kobold demonologists (D:12)
  A rime drake (shapeshifter) (D:13)
  An unseen horror (D:13)
  2 freezing wraiths
  4 tengu conjurers
  3 ancient zymes (Abyss:4)
  9 trolls
  A meliai (shapeshifter) (D:13)
  14 merfolk
  2 meliai (D:13)
  A polar bear (Lair:4)
  A silent spectre (Orc:1)
  3 blink frogs (Lair:6)
  A hornet (D:9)
  2 large abominations
  A raiju (Abyss:4)
  7 snapping turtles
  Prince Ribbit (D:6)
  12 slime creatures
  A snapping turtle (shapeshifter) (D:13)
  A starcursed mass (Abyss:3)
  4 shadows
  An air elemental (Elf:3)
  2 vampires
  5 wraiths
  A spriggan (shapeshifter) (D:13)
  2 spriggans
  5 wyverns
  8 fire elementals
  9 water elementals
  35 yaks
  4 vampire mosquitoes (D:13)
  A chaos spawn (Abyss:4)
  A neqoxec (Abyss:2)
  8 basilisks
  5 wargs
  An acid dragon (D:10)
  A swamp worm (D:12)
  26 nagas
  9 water moccasins
  A hell hound (D:15)
  3 sky beasts (D:6)
  4 ice beasts
  41 orc warriors
  A black bear (D:4)
  3 necrophages
  2 boggarts (Elf:1)
  14 ogres
  16 centaurs
  5 wolves
  5 kobold brigands
  18 bullfrogs
  2 earth elementals
  3 scorpions
  A water moccasin skeleton (D:4)
  6 killer bees (D:10)
  7 electric eels
  14 howler monkeys
  A bullfrog zombie (D:6)
  A crimson imp (D:10)
  2 hounds
  A jelly (D:5)
  2 centaur skeletons (D:5)
  3 centaur zombies
  4 gnoll shamans
  15 orc priests
  3 bullfrog skeletons
  An iguana (D:5)
  12 orc wizards
  2 hell rats
  A killer bee zombie (D:7)
  2 howler monkey zombies
  Robin (D:2)
  7 adders
  33 gnolls
  A howler monkey skeleton (D:4)
  13 white imps
  5 worms
  3 dart slugs
  92 orcs
  12 endoplasms
  6 giant cockroaches
  13 goblins
  6 hobgoblins
  17 jackals
  26 kobolds
  5 quokkas
  7 ball pythons
  2 bats
  A frilled lizard (D:3)
  A quokka skeleton (D:4)
  12 rats
  A starspawn tentacle (Abyss:4)
  5 tentacles
1160 creatures vanquished.

Vanquished Creatures (collateral kills)
  A merfolk javelineer (Shoals:4)
  A rakshasa (D:13)
  A naga warrior (Snake:4)
  A boulder beetle (Lair:5)
  A hydra (Lair:5)
  A death knight (D:13)
  A catoblepas (Lair:6)
  A merfolk avatar (Shoals:4)
  A thrashing horror (Abyss:4)
  2 naga sharpshooters
  A skeletal warrior (D:15)
  A mana viper (Snake:4)
  A salamander (Snake:4)
  4 black mambas
  A smoke demon (Abyss:4)
  2 naga magi
  2 cane toads (Lair:6)
  An unseen horror (Abyss:4)
  2 merfolk (Shoals:4)
  2 snapping turtles (Shoals:4)
  2 dream sheep (Lair:6)
  A centaur simulacrum (D:13)
  A yak (shapeshifter) (D:13)
  2 nagas (Snake:4)
34 creatures vanquished.

Vanquished Creatures (others)
  A centaur warrior (D:13)
  A thrashing horror (Abyss:4)
  A shock serpent (Snake:1)
  2 deep elf pyromancers
  A black mamba (Lair:5)
  A rime drake (Lair:5)
  A komodo dragon (Lair:6)
  An ettin zombie (D:15)
  A vampire (D:13)
  3 humans (D:13)
  An electric eel (Elf:3)
  51 fungi
  71 plants
  2 starspawn tentacles (Abyss:4)
  22 tentacles
  14 withered plants (D:15)
174 creatures vanquished.

Grand Total: 1368 creatures vanquished

Notes
Turn   | Place    | Note
-------+----------+-------------------------------------------
     0 | D:1      | bearlyready the Kobold Berserker began the quest for the
                  | Orb.
     0 | D:1      | Reached XP level 1. HP: 14/14 MP: 1/1
   171 | D:1      | Reached XP level 2. HP: 19/19 MP: 2/2
   442 | D:1      | Reached skill level 5 in Short Blades
   680 | D:1      | Reached XP level 3. HP: 22/23 MP: 3/3
   722 | D:1      | Reached ** piety under Trog
  1338 | D:2      | Reached XP level 4. HP: 28/28 MP: 4/4
  1465 | D:2      | Reached skill level 1 in Throwing
  1800 | D:2      | Found Heggaaps's Antique Armour Boutique.
  1986 | D:2      | Found a faded altar of an unknown god.
  2038 | D:2      | Noticed Robin
  2226 | D:2      | Killed Robin
  2227 | D:2      | Reached XP level 5. HP: 32/32 MP: 5/5
  3086 | D:3      | Reached skill level 1 in Stealth
  4013 | D:3      | Reached skill level 2 in Stealth
  4013 | D:3      | Reached XP level 6. HP: 37/37 MP: 6/6
  4053 | D:3      | Found a transporter.
  4072 | D:3      | Found a transporter.
  5160 | D:3      | Reached skill level 3 in Stealth
  5677 | D:4      | Noticed an ogre
  5721 | D:4      | Reached XP level 7. HP: 28/41 MP: 7/7
  5781 | D:4      | Reached skill level 4 in Stealth
  5788 | D:4      | Reached *** piety under Trog
  6081 | D:5      | Entered Level 5 of the Dungeon
  6155 | D:5      | Found Xyfikeull's Armour Boutique.
  6192 | D:5      | Found Retussiv's Weapon Shop.
  6225 | D:5      | Reached skill level 5 in Stealth
  6261 | D:5      | Found Oschorapn's Distillery.
  6266 | D:5      | Bought a potion of curing for 42 gold pieces
  6266 | D:5      | Bought a potion of heal wounds for 70 gold pieces
  6266 | D:5      | Bought a potion of curing for 42 gold pieces
  6289 | D:5      | Identified the +4 quarterstaff "Huwav" {vorpal, rElec Dex+7
                  | Stlth-}
  6307 | D:5      | Found Eru Sya's Antique Weapon Shop.
  6410 | D:5      | Found Ybrirgh's Antique Armour Shop.
  7021 | D:6      | Reached XP level 8. HP: 48/48 MP: 8/8
  7196 | D:6      | Reached skill level 6 in Stealth
  7353 | D:6      | Noticed Prince Ribbit
  7357 | D:6      | Killed Prince Ribbit
  7358 | D:6      | Reached skill level 5 in Fighting
  7358 | D:6      | Reached skill level 7 in Stealth
  7390 | D:6      | Reached XP level 9. HP: 55/55 MP: 9/9
  7732 | D:6      | Reached skill level 10 in Short Blades
  7732 | D:6      | Reached skill level 8 in Stealth
  8452 | D:4      | Found a staircase to the Ecumenical Temple.
  8486 | D:4      | Reached **** piety under Trog
  8542 | D:4      | Reached skill level 9 in Stealth
  9520 | D:7      | Reached XP level 10. HP: 61/63 MP: 10/10
  9690 | D:7      | Reached skill level 10 in Stealth
 10659 | D:8      | Found Coininlu's Overcharged Wands.
 10698 | D:8      | Reached ***** piety under Trog
 10750 | D:8      | Found Lavavu's Book Emporium.
 10968 | D:8      | Found Umirghor's Distillery.
 10974 | D:8      | Bought a potion of curing for 42 gold pieces
 10974 | D:8      | Bought a potion of curing for 42 gold pieces
 10974 | D:8      | Bought a potion of mutation for 112 gold pieces
 10974 | D:8      | Bought a potion of degeneration for 14 gold pieces
 10999 | D:8      | Noticed a centaur warrior
 11011 | D:8      | Killed a centaur warrior
 11012 | D:8      | Reached skill level 11 in Stealth
 11070 | D:8      | Found Axziasowi's Antique Weapon Emporium.
 12217 | D:9      | Found a staircase to the Lair.
 12492 | D:10     | Entered Level 10 of the Dungeon
 12528 | D:10     | Reached skill level 1 in Evocations
 12643 | D:10     | Found a shadowy altar of Dithmenos.
 12664 | D:10     | Found Diwna's General Store.
 12673 | D:10     | Found a hide-covered altar of Uskayaw.
 12675 | D:10     | Found a blossoming altar of Fedhas.
 12678 | D:10     | Found a snail-covered altar of Cheibriados.
 12678 | D:10     | Found a white marble altar of Elyvilon.
 12679 | D:10     | Found a glowing golden altar of the Shining One.
 12762 | D:10     | Received a gift from Trog
 12763 | D:10     | Reached XP level 11. HP: 71/71 MP: 11/11
 12792 | D:10     | Reached skill level 12 in Stealth
 13280 | D:10     | Found a runed translucent gate.
 13281 | D:10     | Found a runed translucent gate.
 13281 | D:10     | Noticed JamezByez's ghost (journeyman MiBe)
 13282 | D:10     | Found a runed translucent gate.
 13283 | D:10     | Found a basalt altar of Yredelemnul.
 13291 | D:10     | Reached skill level 5 in Dodging
 13551 | D:10     | Noticed a centaur warrior
 13563 | D:10     | Killed a centaur warrior
 13566 | D:10     | Noticed a four-headed hydra
 13603 | D:10     | Noticed a wizard
 13606 | D:10     | Killed a wizard
 13607 | D:10     | Reached skill level 13 in Stealth
 13607 | D:10     | Reached skill level 5 in Evocations
 13697 | D:11     | Noticed a five-headed hydra
 13724 | D:11     | Killed a five-headed hydra
 13789 | D:11     | Noticed a centaur warrior
 13793 | D:11     | Killed a centaur warrior
 13983 | D:11     | Noticed a tengu warrior
 13987 | D:11     | Killed a tengu warrior
 13988 | D:11     | Reached XP level 12. HP: 76/76 MP: 12/12
 14036 | D:11     | Found a staircase to the Orcish Mines.
 14223 | D:11     | Reached skill level 14 in Stealth
 14815 | D:11     | Identified a scroll of acquirement
 14928 | D:12     | Noticed a boulder beetle
 14954 | D:12     | Killed a boulder beetle
 14955 | D:12     | Reached skill level 15 in Stealth
 15141 | D:12     | Noticed a boulder beetle
 15346 | D:10     | Bought a scroll of enchant weapon for 97 gold pieces
 15346 | D:10     | Bought a scroll of teleportation for 39 gold pieces
 15346 | D:10     | Bought a wand of iceblast (5) for 117 gold pieces
 15431 | D:10     | Killed a four-headed hydra
 15441 | D:10     | Identified the ring of the Sturgeon {*Corrode +Blink rN+
                  | Int+6}
 15584 | Lair:1   | Entered Level 1 of the Lair of Beasts
 15701 | Lair:1   | Identified the +5 broad axe "Rakuabb" {vamp, Will+}
 15867 | Lair:1   | Reached skill level 10 in Dodging
 16158 | Lair:1   | Reached skill level 1 in Crossbows
 16268 | Lair:1   | Reached skill level 16 in Stealth
 16268 | Lair:1   | Noticed a seven-headed hydra
 16313 | Lair:1   | Killed a seven-headed hydra
 16446 | Lair:1   | Noticed a four-headed hydra
 16450 | Lair:1   | Killed a four-headed hydra
 16451 | Lair:1   | Reached XP level 13. HP: 80/80 MP: 13/13
 17023 | Lair:2   | Reached skill level 5 in Crossbows
 17411 | Lair:3   | Found a staircase to the Shoals.
 18065 | Shoals:1 | Entered Level 1 of the Shoals
 18178 | Lair:4   | Noticed a seven-headed hydra
 18182 | Lair:4   | Killed a seven-headed hydra
 18333 | Lair:4   | Noticed an eight-headed hydra
 18343 | Lair:4   | Killed an eight-headed hydra
 18344 | Lair:4   | Reached skill level 17 in Stealth
 18513 | Lair:4   | Found a staircase to the Snake Pit.
 18659 | Lair:4   | Noticed a six-headed hydra
 18663 | Lair:4   | Killed a six-headed hydra
 19247 | Lair:5   | Noticed a boulder beetle
 19271 | Lair:5   | Noticed a four-headed hydra
 19355 | Lair:4   | Acquired a manual of Short Blades
 19356 | Lair:4   | Acquired a manual of Crossbows
 19366 | Lair:5   | Noticed a catoblepas
 19368 | Lair:5   | Killed a catoblepas
 19579 | Lair:5   | Killed a boulder beetle
 19900 | Lair:5   | Killed a four-headed hydra
 19902 | Lair:5   | Reached XP level 14. HP: 84/86 MP: 14/14
 20139 | Lair:5   | Reached skill level 18 in Stealth
 20523 | Lair:6   | Entered Level 6 of the Lair of Beasts
 20602 | Lair:6   | Found a viscous altar of Jiyva.
 20617 | Lair:6   | Found a staircase to the Slime Pits.
 20755 | Lair:6   | Identified the +0 scale mail of Matodawn {rElec rCorr
                  | Str+3}
 21220 | Lair:6   | Reached skill level 10 in Fighting
 21817 | Lair:6   | Identified the +2 pair of gloves of Olink {-Tele rF+ rCorr
                  | Dex+3}
 22059 | Lair:6   | Reached skill level 19 in Stealth
 22068 | Lair:6   | Received a gift from Trog
 22683 | D:12     | Reached skill level 1 in Shields
 22683 | D:12     | Reached XP level 15. HP: 93/93 MP: 10/15
 23137 | D:13     | You fall into a shaft and drop 2 floors!
 23137 | D:15     | Entered Level 15 of the Dungeon
 23625 | D:15     | Noticed Azrael
 23662 | D:15     | Killed Azrael
 23786 | D:15     | Noticed Agnes
 23790 | D:15     | Reached skill level 20 in Stealth
 23942 | D:13     | Received a gift from Trog
 24457 | D:13     | Reached skill level 5 in Shields
 24705 | D:13     | Reached skill level 21 in Stealth
 24845 | D:13     | Reached XP level 16. HP: 101/101 MP: 16/16
 24947 | D:13     | Noticed Kirke
 24959 | D:13     | Killed Kirke
 25483 | D:13     | Reached skill level 5 in Throwing
 25517 | D:13     | Found a gate to the Vaults.
 26625 | D:15     | Found a staircase to the Depths.
 26671 | D:15     | Reached skill level 15 in Short Blades
 26671 | D:15     | Reached skill level 10 in Crossbows
 27181 | Snake:1  | Entered Level 1 of the Snake Pit
 27225 | Snake:1  | Noticed Donald
 27245 | Snake:1  | Killed Donald
 27515 | Snake:1  | Reached skill level 10 in Evocations
 27616 | Snake:1  | Found Daesacel's Antique Weapon Emporium.
 28088 | Snake:1  | Reached XP level 17. HP: 108/108 MP: 17/17
 28241 | Snake:1  | Found a shimmering altar of Xom.
 30688 | Snake:4  | Entered Level 4 of the Snake Pit
 31044 | Snake:3  | Noticed Vashnia
 31055 | Snake:3  | Reached skill level 10 in Shields
 31067 | Snake:3  | Killed Vashnia
 31628 | Snake:4  | Reached XP level 18. HP: 42/116 MP: 7/18
 31941 | Snake:4  | Identified the amulet "Bosaem Ten" {Reflect Int+7 SH+5
                  | Stlth+}
 33589 | Snake:4  | Received a gift from Trog
 34397 | Snake:4  | Got a serpentine rune of Zot
 35374 | Shoals:1 | Found Ostoejor's General Store.
 35450 | Shoals:1 | Bought a scroll of teleportation for 51 gold pieces
 35450 | Shoals:1 | Bought a potion of curing for 51 gold pieces
 35789 | Shoals:1 | Reached skill level 22 in Stealth
 35887 | Shoals:1 | Received a gift from Trog
 35888 | Shoals:1 | Reached skill level 5 in Armour
 36176 | Shoals:1 | Found Wyxzaj's General Store.
 36313 | Shoals:1 | Found Gunuodwu's Assorted Antiques.
 36318 | Shoals:1 | Bought a potion of haste for 280 gold pieces
 36966 | Shoals:1 | Noticed a kraken
 37348 | Shoals:2 | Noticed a kraken
 37489 | Shoals:2 | Killed a kraken
 37671 | Shoals:2 | Reached XP level 19. HP: 110/123 MP: 19/19
 37764 | Shoals:2 | Reached skill level 15 in Dodging
 37764 | Shoals:2 | Found the amulet of Vitality {Regen+ HP+15}
 38738 | Shoals:4 | Entered Level 4 of the Shoals
 38860 | Shoals:3 | Received a gift from Trog
 39037 | Shoals:4 | Reached skill level 15 in Fighting
 39709 | Shoals:4 | Identified the +0 chain mail "Firuxt" {rElec rC+ rN+}
 40734 | Shoals:4 | Got a barnacled rune of Zot
 41023 | Orc:1    | Entered Level 1 of the Orcish Mines
 41054 | Orc:1    | Noticed Fannar
 41058 | Orc:1    | Killed Fannar
 41175 | Orc:1    | Found a transporter.
 41322 | Orc:2    | Entered Level 2 of the Orcish Mines
 41348 | Orc:2    | Found Yqumn's General Store.
 41381 | Orc:2    | Received a gift from Trog
 41635 | Orc:2    | Bought a potion of heal wounds for 65 gold pieces
 41635 | Orc:2    | Bought 2 potions of might for 104 gold pieces
 42064 | Orc:2    | Reached skill level 23 in Stealth
 42081 | Orc:2    | Found a staircase to the Elven Halls.
 42311 | Orc:2    | Found Haokhlai's Antique Armour Shoppe.
 42541 | Orc:2    | Found a burning altar of Makhleb.
 42557 | Orc:2    | Found Menauxoy's Jewellery Boutique.
 42799 | Orc:2    | Found Uzxadud's Antique Weapon Emporium.
 43014 | Orc:1    | Found Wirul's Assorted Antiques.
 43019 | Orc:1    | Bought a scroll of enchant armour for 285 gold pieces
 43141 | Orc:1    | Found a transporter.
 43141 | Orc:1    | Found a runed translucent door.
 43178 | Orc:1    | Found a bloodstained altar of Trog.
 43178 | Orc:1    | Found the necklace of Bloodlust {*Rage Will++ Int-3 Slay+6}
 43418 | Vaults:1 | Entered Level 1 of the Vaults
 43425 | Vaults:1 | Found a portal to a secret trove of treasure.
 44004 | Elf:1    | Entered Level 1 of the Elven Halls
 44099 | Elf:1    | Received a gift from Trog
 44212 | Elf:1    | Reached XP level 20. HP: 129/129 MP: 6/20
 44759 | Elf:1    | Identified the +5 short sword of Wuerikig {flame, rN+}
 45114 | Elf:2    | Found Noqepp's Assorted Antiques.
 45124 | Elf:2    | Bought a scroll of teleportation for 117 gold pieces
 45263 | Elf:2    | Found a runed translucent gate.
 45263 | Elf:2    | Found a runed translucent gate.
 45264 | Elf:2    | Found a runed translucent gate.
 45806 | Elf:2    | Reached skill level 24 in Stealth
 46376 | Elf:2    | Received a gift from Trog
 46685 | Elf:3    | Entered Level 3 of the Elven Halls
 47211 | Elf:3    | Found Zupifatz's CLEARANCE SALE!.
 47216 | Elf:3    | Bought a scroll of fear for 17 gold pieces
 47216 | Elf:3    | Bought a scroll of summoning for 47 gold pieces
 47357 | Elf:3    | Reached ****** piety under Trog
 47680 | Elf:3    | Reached skill level 25 in Stealth
 47716 | Elf:3    | Cast into level 2 of the Abyss (a deep elf sorcerer)
 47784 | Abyss:2  | Noticed a Hell Sentinel
 47785 | Abyss:2  | Identified the amulet of Lady Luck {Will+ Regen+}
 48121 | Abyss:4  | Reached XP level 21. HP: 136/136 MP: 7/21
 48349 | Abyss:4  | Gained mutation: You occasionally shout uncontrollably at
                  | your foes. [mutagenic glow]
 48374 | Abyss:4  | Gained mutation: Your body sometimes deteriorates upon
                  | taking damage. [mutagenic glow]
 48389 | Abyss:4  | Gained mutation: You tend to lose your temper in combat.
                  | [mutagenic glow]
 48393 | Elf:3    | Escaped the Abyss
 48413 | Elf:3    | Gained mutation: You sometimes lose the ability to read
                  | scrolls when taking damage. [mutagenic glow]
 48420 | Elf:3    | Cast into level 3 of the Abyss (a deep elf sorcerer)
 48434 | Abyss:3  | Lost mutation: You tend to lose your temper in combat.
                  | [mutagenic glow]
 48445 | Abyss:3  | Gained mutation: Your body often deteriorates upon taking
                  | damage. [mutagenic glow]
 48457 | Abyss:3  | Gained mutation: You have a beak for a mouth. [mutagenic
                  | glow]
 48475 | Abyss:3  | Gained mutation: [You are dopey. (Int -2)] [mutagenic glow]
 48618 | Abyss:3  | HP: 3/136 [hell hog/fireball (23)]
 48619 | Abyss:3  | Killed from afar by a starcursed mass

Illustrated notes

Levels and vault maps discovered:
D:1:      moated_graveyard_arrival, layout_rooms, item_on_display_a
D:2:      layout_loops_corners, serial_shops, shop,
          shapermc_ecumenical_altar_mp_ritualfount, uniq_robin
D:3:      gammafunk_steamed_eel, layout_basic
D:4:      lemuel_castle_with_subvaults [lemuel_castle_interior_carwin_2],
          layout_basic, minmay_temple_entry_proselytizer, minmay_diced_spiral
D:5:      layout_loops_ring, serial_shops, shop,
          nicolae_shop_bloodbath_and_beyond, nicolae_shop_crystal, shop_statue,
          shop_statue, minmay_misc_feat_cross
D:6:      layout_cave_pods, uniq_prince_ribbit1
D:7:      layout_basic
D:8:      layout_loops_cross, serial_shops, nicolae_square_shop, shop,
          nicolae_lakefront_shop, nicolae_shop_overcharged_wands
D:9:      layout_loops_corners, lair_entry_dummy
D:10:     minmay_chambers_of_sixes, layout_irregular_city,
          nicolae_yredelemnul_ghost_church, grunt_temple_overflow_open,
          serial_shops, nicolae_take_the_stairs, hangedman_stone_soup,
          david_greed
D:11:     layout_stronghold, david_orc_2, the_hattery
D:12:     layout_rooms, portal_ice_cave_entry_imps, serial_bayou_crossing
D:13:     minmay_the_grid_square_5x5_4x4_mashed
          [minmay_the_grid_square_5x5_sharp_hourglass,
          minmay_the_grid_square_5x5_lines,
          minmay_the_grid_square_5x5_fancy_junction,
          minmay_the_grid_square_5x5_fat_x,
          minmay_the_grid_square_5x5_broken_cross,
          minmay_the_grid_square_5x5_prize_monsterx,
          minmay_the_grid_square_5x5_prize_waves,
          minmay_the_grid_square_5x5_spiral_small,
          minmay_the_grid_square_5x5_shuriken,
          minmay_the_grid_square_5x5_prize_junk,
          minmay_the_grid_square_5x5_prize_open,
          minmay_the_grid_square_5x5_percent,
          minmay_the_grid_square_5x5_doubleslash,
          minmay_the_grid_square_5x5_tie, minmay_the_grid_square_5x5_n,
          minmay_the_grid_square_5x5_corner], layout_stronghold, david_vaults_4,
          uniq_kirke
D:14:     layout_roguey [special_room_orc], chequers_serial_rivers_micro_b,
          serial_curves, eino_curves_01, eino_curves_02, eino_curves_02
D:15:     gammafunk_depths_entry_grave, layout_basic,
          ebering_dispersal_statue_hall, uniq_agnes, uniq_azrael
Lair:1:   layout_hall_layers, st_stairs_12
Lair:2:   layout_long_grid
Lair:3:   layout_concentric_octagons, minmay_shoals_entry_centaurs,
          chequers_serial_rivers_small_3, chequers_serial_rivers_room_b
Lair:4:   layout_cellular_growth, guppyfry_snake_entry_garden,
          infiniplex_staircase_pool
Lair:5:   nzn_winding_woodlands_large [nzn_winding_woodlands_5x5_three,
          nzn_winding_woodlands_5x15_eye, nzn_winding_woodlands_hourglass,
          nzn_winding_woodlands_center_triple_pond,
          nzn_winding_woodlands_15x15_eel_pit,
          nzn_winding_woodlands_center_pierced_h,
          nzn_winding_woodlands_5x5_default,
          nzn_winding_woodlands_5x15_river_crossing,
          nzn_winding_woodlands_5x5_cross], layout_hall_layers, dpeg_oklob_1
Lair:6:   hangedman_lair_in_review, layout_cave_pods, slime_altar_1,
          lemuel_fruit_tree, grunt_megastairs_5, serial_bayou_shore_b
Shoals:1: cheibrodos_shoals_baths, layout_shoals, serial_shops,
          nicolae_shop_waterfront, shop, shop
Shoals:2: layout_shoals, nicolae_shoals_raging_river
Shoals:3: layout_shoals
Shoals:4: shoals_end_hangedman, layout_shoals
Snake:1:  layout_onion, basic_altar, serial_shops, shop, nicolae_snake_springs,
          grunt_megastairs_2, uniq_donald
Snake:2:  layout_chambers, st_stairs_5
Snake:3:  layout_cave_pods, st_stairs_7, serial_bayou_shore_a, uniq_vashnia
Snake:4:  grunt_snake_rune_pools, layout_rooms
Orc:1:    emtedronai_trogs_sanctum, layout_caves, serial_shops, shop_coins,
          uniq_fannar
Orc:2:    grunt_orc_gardens, layout_diamond_mine, grunt_orc_garden,
          grunt_orc_garden, grunt_orc_garden, grunt_orc_garden, bloody_makhleb
Elf:1:    minmay_elf_arrival_circle, layout_loops_cross, hangedman_elf_disciples
Elf:2:    nicolae_elf_blades_splatter_lattice [nicolae_blade_entry_pointy_end],
          layout_gridlike, serial_shops, shop
Elf:3:    minmay_elf_hall_hex, layout_geoelf_castle, nicolae_shop_clearance
Vaults:1: v_alt_pattern_4, ontoclasm_vaults_shuriken,
          vaults_mumra_minichess_inversion, layout_vaults_omnigrid,
          nicolae_trove_entry_isolated
Abyss:3:  base: Snake:2, base: D:6, minivault_22, evilmike_abyss_exit_15,
          gammafunk_abyss_rune_reverse_zot, evilmike_abyss_exit_1,
          serial_sigils_hangedman_shear

Skill      XL: |  1  2  3  4  5  6  7  8  9 10 11 12 13 14 15 16 17 18 19 20 21 |
---------------+----------------------------------------------------------------+-----
Short Blades   | 5 6 7 8 9 11 12 14 15 16 | 16.0
Throwing       | 1 2 3 4 6 |  6.0
Stealth        | 2 3 5 7 9 11 13 16 17 19 21 22 23 25 | 25.7
Fighting       | 4 5 7 9 10 12 14 15 16 | 16.0
Evocations     | 2 6 9 10 11 13 | 13.0
Dodging        | 3 6 10 11 13 14 16 17 | 17.0
Crossbows      | 3 8 10 11 | 11.0
Armour         | 2 3 4 5 6 7 |  7.0
Shields        | 1 5 6 10 11 12 | 12.5

Action                   |  1- 3 |  4- 6 |  7- 9 | 10-12 | 13-15 | 16-18 | 19-21 || total
-------------------------+-------+-------+-------+-------+-------+-------+-------++-------
Melee: Short sword       |   125 |   250 |    84 |       |       |       |       ||   459
       Rapier            |       |       |   283 |   540 |  1107 |  1018 |   743 ||  3691
       Dagger            |       |       |       |    12 |    31 |       |       ||    43
       Quick blade       |       |       |       |       |   319 |  1227 |  1446 ||  2992
       Peck              |       |       |       |       |       |       |    27 ||    27
 Fire: Hand crossbow     |       |       |       |       |       |    12 |       ||    12
Throw: Dart              |     2 |     8 |    11 |     5 |     9 |    24 |     6 ||    65
       Throwing net      |       |       |       |     4 |     4 |     9 |     2 ||    19
Invok: Berserk           |     2 |     5 |     5 |    12 |    16 |    11 |     4 ||    55
       Brothers in Arms  |       |       |       |       |     3 |     6 |     2 ||    11
       Trog's Hand       |       |       |       |       |     1 |     1 |     2 ||     4
Evoke: Wand              |       |       |       |       |    12 |     9 |    10 ||    31
       Box of beasts     |       |       |       |       |     2 |     4 |     3 ||     9
       Tin of tremorston |       |       |       |       |       |     9 |     5 ||    14
       Phantom mirror    |       |       |       |       |       |     3 |       ||     3
       Condenser vane    |       |       |       |       |       |       |     1 ||     1
  Use: Potion            |       |       |     2 |       |     4 |     7 |    10 ||    23
       Scroll            |       |       |       |     9 |    13 |     9 |    12 ||    43
 Stab: Sleeping          |     8 |    12 |    13 |    48 |    53 |    50 |    97 ||   281
       Distracted        |       |     1 |     7 |     2 |     3 |    21 |    19 ||    53
       Invisible         |       |       |     1 |       |       |       |       ||     1
       Held in net/web   |       |       |       |     2 |     3 |     6 |     1 ||    12
Armor: Animal skin       |    12 |    12 |       |       |       |       |       ||    24
       Leather armour    |       |     5 |    28 |       |       |       |       ||    33
       Ring mail         |       |       |    73 |    50 |       |       |       ||   123
       Robe              |       |       |       |     4 |       |       |       ||     4
       Acid dragon scale |       |       |       |    47 |   145 |   145 |   130 ||   467
Dodge: Dodged            |    73 |   116 |   239 |   322 |   840 |  1082 |   888 ||  3560
Block: Buckler           |       |       |       |       |   198 |   848 |  1115 ||  2161
       Kite shield       |       |       |       |       |       |   318 |       ||   318
       Reflection        |       |       |       |       |       |    86 |    40 ||   126

Table legend: (Time is in decaauts)
 A = Elapsed time spent in this place.
 B = Non-inter-level travel time spent in this place.
 C = Inter-level travel time spent in this place.
 D = Time resting spent in this place.
 E = Time spent auto-exploring this place.
 F = Levels seen in this place.
 G = Mean time per level.
                   A        B        C        D        E       F      G
               +--------+--------+--------+--------+--------+-----+--------+
         Total |  45726 |  42544 |   3182 |   4014 |  28157 |  39 | 1172.5 |
       Dungeon |  20147 |  18457 |   1690 |   1084 |  13154 |  15 | 1343.1 |
          Lair |   7043 |   6258 |    785 |    514 |   4401 |   6 | 1173.8 |
        Shoals |   5264 |   5109 |    155 |    348 |   3524 |   4 | 1316.0 |
     Snake Pit |   7067 |   6734 |    333 |   1603 |   3436 |   4 | 1766.8 |
  Orcish Mines |   1944 |   1808 |    136 |    289 |    923 |   2 |  972.0 |
   Elven Halls |   3507 |   3427 |     80 |    118 |   2544 |   3 | 1169.0 |
        Vaults |     80 |     80 |      0 |      0 |      6 |   1 |   80.0 |
         Abyss |    670 |    670 |      0 |     55 |    167 |   4 |  167.5 |
               +--------+--------+--------+--------+--------+-----+--------+

Top non-repeatable levels by time:
 Snake:3: 2800 daAuts
     D:3: 2400 daAuts
     D:2: 2099 daAuts
    D:13: 2014 daAuts
Shoals:1: 1921 daAuts
 Snake:4: 1774 daAuts
Shoals:4: 1698 daAuts
   Elf:2: 1660 daAuts
  Lair:6: 1559 daAuts
    D:10: 1534 daAuts
     D:4: 1516 daAuts
    D:11: 1454 daAuts
 Snake:2: 1422 daAuts
  Lair:5: 1291 daAuts
  Lair:4: 1286 daAuts
